 Dungeon Crawl Stone Soup version 0.27.1-33-g824d729ab1 (webtiles) character file.

Game seed: 4921645814625047861

277 Holzbalken the Cudgeller (level 6, -2/44 HPs)
             Began as a Demonspawn Gladiator on Dec 5, 2021.
             Was an Initiate of Qazlal.
             Slain by a black bear (5 damage)
             ... on level 4 of the Dungeon.
             The game lasted 00:10:59 (4105 turns).

Holzbalken the Cudgeller (Demonspawn Gladiator)     Turns: 4105, Time: 00:11:00

Health: -2/44      AC:  6    Str: 19    XL:     6   Next: 4%
Magic:  0/6        EV: 11    Int: 10    God:    Qazlal [......]
Gold:   144        SH:  0    Dex: 14    Spells: 5/5 levels left

rFire    . . .     SeeInvis .   a - +1 flail (freeze)
rCold    . . .     Faith    .   (no shield)
rNeg     . . .     Spirit   +   l - +0 ring mail
rPois    .         Reflect  .   s - +0 helmet of the Sunfish {Str+3}
rElec    .         Harm     .   (no cloak)
rCorr    .         Rampage  .   (no gloves)
Will     .....                  (no boots)
Stlth    +.........             h - amulet of guardian spirit
HPRegen  0.14/turn              (no ring)
MPRegen  0.20/turn              (no ring)

@: no status effects
A: powered by death 2, magic regeneration
a: Renounce Religion


You were on level 4 of the Dungeon.
You worshipped Qazlal.
Qazlal was noncommittal.
You visited 2 branches of the dungeon, and saw 5 of its levels.

You collected 144 gold pieces.

Inventory:

Hand Weapons
 a - a +1 flail of freezing (weapon)
 k - a +0 arbalest
Missiles
 d - 3 throwing nets (quivered)
 m - 16 arrows
Armour
 b - a +0 leather armour
 c - a +0 helmet
 l - a +0 ring mail (worn)
 s - the +0 helmet of the Sunfish (worn) {Str+3}
   (You took it off Robin on level 3 of the Dungeon)

   Str:       It affects your strength (+3).
Jewellery
 h - an amulet of guardian spirit (around neck)
Wands
 v - a wand of paralysis (10)
Scrolls
 e - a scroll of immolation
 f - a scroll of summoning
 n - a scroll of teleportation
Potions
 g - 2 potions of degeneration {unknown}
 i - 2 potions of curing {unknown}
 j - a potion of heal wounds
 o - 2 potions of resistance
 p - a potion of might {unknown}
 q - a potion of attraction {unknown}
 u - a potion of cancellation {unknown}


   Skills:
 - Level 2.0 Fighting
 + Level 6.2 Maces & Flails
 - Level 1.7 Throwing
 - Level 2.6 Dodging


You had 5 spell levels left.
You didn't know any spells.
Your spell library contained the following spells:

 Spells                   Type           Power      Damage    Failure   Level
 Animate Skeleton         Necr           0%         N/A       54%         1
 Pain                     Necr           0%         1d4       54%         1
 Sandblast                Erth           0%         2d4       54%         1
 Frozen Ramparts          Ice            0%         1d2       89%         3
 Gell's Gravitas          Tloc           0%         N/A       89%         3
 Vampiric Draining        Necr           0%         2d6       89%         3
 Ice Form                 Ice/Tmut       0%         N/A       100%        4
 Summon Ice Beast         Ice/Summ       0%         N/A       100%        4
 Conjure Ball Lightning   Conj/Air       0%         3x3d6     100%        6
 Discord                  Hex            0%         N/A       100%        8
 Disjunction              Tloc           0%         N/A       100%        8


Dungeon Overview and Level Annotations

Branches:
Dungeon (4/15)             Temple (1/1) D:4

Altars:
Ashenzari
Cheibriados
Dithmenos
Elyvilon
Fedhas
Gozag
Hepliaklqana
Kikubaaqudgha
Makhleb
Nemelex Xobeh
Okawaru
Qazlal
Ru
Sif Muna
Trog
Uskayaw
Wu Jian
Xom
Yredelemnul
Zin
The Shining One

Shops:
D:4 =

Annotations:
D:3 1 runed translucent door, Crazy Yiuf


Innate Abilities, Weirdness & Mutations

You regenerate health from kills.
You regenerate magic rapidly.


Message History

Qazlal accepts your kill.
You barely miss the black bear.
The black bear is heavily wounded.
The black bear bites you. The black bear claws you.
The black bear barely misses you.
You closely miss the black bear.
The black bear is heavily wounded.
The black bear closely misses you. The black bear barely misses you. x2
You barely miss the black bear.
The black bear is heavily wounded.
The black bear bites you. The black bear misses you.
The black bear closely misses you. The black bear bites you!
The black bear claws you.
The black bear claws you but does no damage.
You hit the black bear. You freeze the black bear.
The black bear is severely wounded.
The black bear bites you but does no damage.
The black bear barely misses you. The black bear claws you.
You hit the black bear. You freeze the black bear.
The black bear is almost dead.
The black bear goes berserk!
You hit the black bear but do no damage.
The black bear is almost dead.
The black bear barely misses you. x2; The black bear claws you.
You closely miss the black bear.
The black bear is almost dead.
The black bear bites you. The black bear closely misses you.
The black bear claws you but does no damage.
The black bear closely misses you. The black bear barely misses you.
The black bear completely misses you.
You closely miss the black bear.
The black bear is almost dead.
The black bear bites you!
* * * LOW HITPOINT WARNING * * *
The black bear misses you. The black bear claws you.
* * * LOW HITPOINT WARNING * * *
The black bear bites you.
* * * LOW HITPOINT WARNING * * *
The black bear claws you.
You die...

........##...##...#
#.###....##.##....##
..#
#.##..#.#..##..####
## #..
#.)...##......# ...
##.⌠.##..####.# ...
.#...#.....# # #.
........##.#
......#.#.##.##.#
....#.#.##.@h....#
######.# #.##.#.##
## #.# .... #.#
##.#. #.# .# #.. #
###


You could see a black bear (berserk).

Vanquished Creatures
  A yak (D:3)
  An iguana (D:4)
  Terence (D:3)
  Robin (D:3)
  An adder (D:2)
  2 dart slugs
  3 orcs (D:4)
  3 endoplasms (D:1)
  7 giant cockroaches
  6 hobgoblins
  3 quokkas
  3 ball pythons
  7 bats
  2 frilled lizards (D:1)
  10 goblins
  5 kobolds
  6 rats
62 creatures vanquished.

Notes
Turn   | Place    | Note
-------+----------+-------------------------------------------
     0 | D:1      | Holzbalken the Demonspawn Gladiator began the quest for the
                  | Orb.
     0 | D:1      | Reached XP level 1. HP: 16/16 MP: 1/1
    40 | D:1      | Reached skill level 3 in Maces & Flails
   296 | D:1      | Gained mutation: You regenerate magic rapidly. [demonic
                  | ancestry]
   296 | D:1      | Reached XP level 2. HP: 20/22 MP: 2/2
   978 | D:2      | Found a shadowy altar of Dithmenos.
  1219 | D:2      | Gained mutation: You regenerate a little health from kills.
                  | [demonic ancestry]
  1219 | D:2      | Reached XP level 3. HP: 25/27 MP: 3/3
  1461 | D:2      | Reached skill level 4 in Maces & Flails
  1511 | D:2      | Found a faded altar of an unknown god.
  1997 | D:3      | Noticed Terence
  2009 | D:3      | Killed Terence
  2138 | D:3      | Reached XP level 4. HP: 33/33 MP: 4/4
  2190 | D:3      | Identified the +0 helmet of the Sunfish {Str+3}
  2190 | D:3      | Noticed Robin
  2213 | D:3      | Killed Robin
  2284 | D:3      | Found a runed translucent door.
  2285 | D:3      | Noticed Crazy Yiuf
  2332 | D:3      | Got Bazuw's Tome of the Earthen Voyage
  3090 | D:4      | Noticed a yak
  3090 | D:4      | Noticed a yak
  3090 | D:4      | Noticed a yak
  3092 | D:4      | Noticed a yak
  3117 | D:3      | Killed a yak
  3118 | D:3      | Reached skill level 6 in Maces & Flails
  3118 | D:3      | Reached XP level 5. HP: 22/38 MP: 5/5
  3395 | D:4      | Gained mutation: You regenerate health from kills. [demonic
                  | ancestry]
  3395 | D:4      | Reached XP level 6. HP: 30/44 MP: 4/6
  3540 | D:4      | Found Rubliad's Jewellery Shop.
  3573 | D:4      | Found a staircase to the Ecumenical Temple.
  3601 | Temple   | Entered the Ecumenical Temple
  3608 | Temple   | Became a worshipper of Qazlal Stormbringer
  4105 | D:4      | Slain by a black bear

Illustrated notes

Levels and vault maps discovered:
D:1:      kennysheep_arrival_forest, layout_loops_ring
D:2:      layout_loops_ring, chequers_ecumenical_altar_simple, basic_altar
D:3:      layout_loops_corners, minmay_misc_feat_plants,
          uniq_crazy_yiuf_cottage, uniq_robin, uniq_terence
D:4:      layout_loops_cross, minmay_temple_entry_waves, serial_shops,
          nicolae_shop_competitors_out_of_business
Temple:   compressed_dpeg_triangle_lava_temple

Skill      XL: |  1  2  3  4 |
---------------+-------------+-----
Maces & Flails | 3 4 6 |  6.2
Fighting       | |  2.0
Throwing       | |  1.7
Dodging        | |  2.6

Action                   |  1- 3 |  4- 6 || total
-------------------------+-------+-------++-------
Melee: Flail             |   108 |    89 ||   197
  Use: Scroll            |       |    10 ||    10
       Potion            |       |     2 ||     2
 Stab: Sleeping          |     1 |       ||     1
Armor: Leather armour    |    19 |       ||    19
       Ring mail         |    36 |    34 ||    70
Dodge: Dodged            |    90 |    76 ||   166
